 Dungeon Crawl Stone Soup version 0.30.1-9-gdf580d7c3d (webtiles) character file.

Game seed: 17267362180392432412

921 lonewolfV2 the Chopper (level 8, -9/61 HPs)
             Began as a Formicid Fighter on Sept 28, 2023.
             Was an Initiate of Gozag.
             Mangled by an orc warrior
             ... wielding a +0 glaive
              (17 damage)
             ... on level 5 of the Dungeon.
             The game lasted 00:06:36 (5327 turns).

lonewolfV2 the Chopper (Formicid Fighter)           Turns: 5327, Time: 00:06:37

Health: -9/61      AC:  7    Str: 22    XL:     8   Next: 31%
Magic:  8/8        EV: 10    Int:  9    God:    Gozag
Gold:   669        SH:  6    Dex: 13    Spells: 7/7 levels left

rFire   . . .        a - +1 war axe
rCold   . . .        c - +1 buckler
rNeg    . . .        b - +0 scale mail
rPois   .            (helmet unavailable)
rElec   .            (no cloak)
rCorr   .            (no gloves)
SInv    +            (no boots)
Will    .....        (no amulet) Stlth
                     (no ring)
HPRegen 0.30/turn    (no ring)
MPRegen 0.11/turn

%: no passive effects
@: no status effects
A: permanent stasis, dig shafts and tunnels, antennae 3, four strong arms
a: Dig, Shaft Self, Renounce Religion, Potion Petition, Call Merchant, Bribe
Branch


You were on level 5 of the Dungeon.
You worshipped Gozag.
Gozag was pleased with you.
You visited 1 branch of the dungeon, and saw 5 of its levels.

You collected 758 gold pieces.
You paid 89 gold pieces to Gozag.

Inventory:

Hand Weapons
 a - a +1 war axe (weapon)
Armour
 b - a +0 scale mail (worn)
 c - a +1 buckler (worn)
Jewellery
 k - a ring of magical power
Scrolls
 f - a scroll of enchant armour
 i - a scroll of silence
 l - a scroll of enchant weapon
Potions
 d - a potion of degeneration
 e - 2 potions of brilliance
 g - a potion of heal wounds
 j - a potion of cancellation
 m - a potion of haste {unknown}
 q - a potion of invisibility {unknown}
 r - 2 potions of flight {unknown}
 t - a potion of mutation {unknown}
 u - a potion of curing {unknown}
 v - a potion of berserk rage {unknown}


   Skills:
 + Level 4.9 Fighting
 + Level 6.3 Axes
 + Level 5.6 Armour
 + Level 2.3 Dodging
 + Level 0.1 Stealth
 + Level 5.2 Shields


You had 7 spell levels left.
You didn't know any spells.
Your spell library contained the following spells:

 Spells                   Type           Power      Damage    Failure   Level
 Apportation              Tloc           0%         N/A       77%         1
 Magic Dart               Conj           0%         1d3       77%         1
 Call Imp                 Summ           0%         N/A       88%         2
 Ensorcelled Hibernation  Hex/Ice        0%         N/A       88%         2
 Lesser Beckoning         Tloc           0%         N/A       88%         2
 Momentum Strike          Conj/Tloc      0%         3d8       88%         2
 Gell's Gravitas          Tloc           0%         N/A       98%         3
 Mephitic Cloud           Conj/Pois/Air  0%         N/A       98%         3
 Spider Form              Tmut/Pois      0%         N/A       98%         3
 Teleport Other           Tloc           0%         N/A       98%         3
 Anguish                  Hex/Necr       0%         N/A       100%        4
 Alistair's Intoxication  Tmut/Pois      0%         N/A       100%        5
 Blink                    Tloc           Unusable   N/A       N/A         2

Dungeon Overview and Level Annotations

Branches:
Dungeon (5/15)
 Temple: D:4-7

Altars:
Ashenzari
Gozag
Makhleb
Okawaru
Sif Muna
Vehumet
Wu Jian

Shops:
D:1 *   D:2 [   D:5 *


Innate Abilities, Weirdness & Mutations

You cannot be hasted, slowed, berserked, paralysed or teleported.
You can dig through walls and to a lower floor.
You have a pair of large antennae on your head. (SInv)
Your four strong arms can wield two-handed weapons with a shield.


Message History

Items here: ))) [.
You see here a +0 whip.
Found Letaelloo's Assorted Antiques.
You pick up a book of Dreams and begin reading...
You add the spells Ensorcelled Hibernation, Spider Form and Anguish to your library.
There is an entrance to Letaelloo's Assorted Antiques here.
As you read the scroll of identify, it crumbles to dust.
g - a potion of heal wounds
As you read the scroll of identify, it crumbles to dust.
j - a potion of cancellation You now have 669 gold pieces (gained 11).
Found a stone staircase leading down.
r - 2 metallic red potions (gained 1)
Found a stone staircase leading down.
There is a stone staircase leading down here.
You sense a monster nearby.
You sense a monster nearby.
An orc warrior comes into view. It is wielding a +0 glaive.
The orc warrior shouts!
You hear a shout! x2 2 orcs come into view.
The orc shouts! x2
The orc warrior hits you with a +0 glaive!
The orc warrior hits you from afar with a +0 glaive!
The orc warrior barely misses you.
You barely miss the orc warrior.
The orc warrior hits you with a +0 glaive!
You hit the orc warrior but do no damage.
You block the orc warrior's attack.
You barely miss the orc warrior.
The orc warrior hits you with a +0 glaive!
* * * LOW HITPOINT WARNING * * *
The orc warrior completely misses you.
You closely miss the orc warrior.
The orc warrior hits you with a +0 glaive!
* * * LOW HITPOINT WARNING * * *
You slash the orc warrior!
The orc warrior is moderately wounded.
The orc warrior hits you with a +0 glaive!
You die...
Your body crumbles into a pile of gold.

#####.. #. # . ## . .# #.
.# ####.###### .# $
..........##### ##
....o.oo....... # #.##o#.#
#..#.#.# #.##@#.# #..#.#.#
#.##.#.# #..#.#.#
#.##.#.## #..#.#.#
#.##....# ##..#.#.#
#.####>.# ###...#.#.#
#.####..#
........#.###.##....####
..........................
.......#####..##.##.######


You could see an orc warrior and 2 orcs.

Vanquished Creatures
  A black bear (D:5)
  An ice beast (D:5)
  The ghost of adizb the Trooper, an amateur DsFi of Fedhas (D:3)
  Blork the orc (D:4)
  2 hounds
  An orc priest (D:5)
  A jelly (D:4)
  A gnoll bouda (D:3)
  Jessica (D:2)
  A sleepcap (D:3)
  Natasha (thrice) (D:2)
  Terence (D:2)
  An iguana (D:5)
  3 orc wizards
  Robin (D:3)
  5 adders
  2 worms
  3 dart slugs
  12 orcs
  6 bats
  7 endoplasms
  3 giant cockroaches
  15 goblins
  11 hobgoblins
  8 jackals
  2 quokkas
  7 ball pythons
  5 frilled lizards
  6 kobolds
  7 rats
119 creatures vanquished.

Notes
Turn   | Place    | Note
-------+----------+-------------------------------------------
     0 | D:1      | lonewolfV2 the Formicid Fighter began the quest for the
                  | Orb.
     0 | D:1      | Reached XP level 1. HP: 18/18 MP: 1/1
    66 | D:1      | Reached XP level 2. HP: 18/24 MP: 2/2
   143 | D:1      | Found Ustirergh's General Store.
   153 | D:1      | Found a faded altar of an unknown god.
   378 | D:1      | Reached XP level 3. HP: 9/29 MP: 3/3
   961 | D:2      | Noticed Terence
   972 | D:2      | Killed Terence
   973 | D:2      | Reached skill level 3 in Axes
   973 | D:2      | Reached XP level 4. HP: 23/37 MP: 4/4
  1021 | D:2      | Noticed Natasha
  1036 | D:2      | Killed Natasha
  1037 | D:2      | Reached XP level 5. HP: 16/42 MP: 5/5
  1179 | D:2      | Reached skill level 4 in Axes
  1387 | D:2      | Found Qigedgh's Armour Boutique.
  1451 | D:2      | Noticed Natasha
  1459 | D:2      | Killed Natasha
  1522 | D:2      | Noticed Natasha
  1535 | D:2      | Killed Natasha
  1686 | D:2      | Noticed Jessica
  1690 | D:2      | Killed Jessica
  1691 | D:2      | Reached XP level 6. HP: 45/48 MP: 6/6
  1945 | D:3      | Noticed adizb's ghost (amateur DsFi)
  1945 | D:3      | Found a runed translucent gate.
  1945 | D:3      | Found a runed translucent gate.
  1945 | D:3      | Found a runed translucent gate.
  1945 | D:3      | Found an opulent altar of Gozag.
  1962 | D:3      | Reached skill level 1 in Dodging
  1970 | D:3      | Killed adizb's ghost
  2005 | D:3      | Became a worshipper of Gozag Ym Sagoz the Greedy
  2585 | D:3      | Found a shimmering blue altar of Sif Muna.
  2631 | D:3      | Reached skill level 5 in Axes
  2631 | D:3      | Reached XP level 7. HP: 54/54 MP: 7/7
  2733 | D:3      | Noticed Robin
  2755 | D:3      | Killed Robin
  2756 | D:3      | Reached skill level 5 in Shields
  3368 | D:4      | Noticed Blork the orc
  3381 | D:4      | HP: 2/54 [Blork the orc/+0 long sword (8)]
  3391 | D:4      | Killed Blork the orc
  3876 | D:4      | Found a broken altar of Ashenzari.
  3953 | D:4      | You fall into a shaft and drop 1 floor!
  3953 | D:5      | Entered Level 5 of the Dungeon
  3968 | D:5      | Reached skill level 5 in Armour
  4311 | D:5      | Reached skill level 6 in Axes
  4311 | D:5      | Reached XP level 8. HP: 45/61 MP: 8/8
  4629 | D:5      | Found a burning altar of Makhleb.
  4629 | D:5      | Found an ornate altar of the Wu Jian Council.
  4645 | D:5      | Found an iron altar of Okawaru.
  4659 | D:5      | Found an opulent altar of Gozag.
  4661 | D:5      | Found a radiant altar of Vehumet.
  5229 | D:5      | Found Letaelloo's Assorted Antiques.
  5327 | D:5      | Mangled by an orc warrior

Illustrated notes

Levels and vault maps discovered:
D:1:      shiori_arrival_elements, layout_basic, serial_shops,
          nicolae_shop_hallway_stairs, dreamdust_ecumenical_altar_statues,
          minmay_tall_x
D:2:      minmay_evil_eye, layout_loops_ring, serial_shops, shop, uniq_natasha,
          uniq_terence, uniq_jessica
D:3:      kennysheep_goblin_castle, layout_basic, lemuel_blue_sif_altar,
          ebering_ghost_gozag, st_stairs_9
D:4:      nicolae_cairo_tiling_large, layout_rooms, nicolae_ashenzari_skybound,
          minmay_fountain_box, patterned_corridor, uniq_blork_the_orc
D:5:      layout_loops_ring, chequers_temple_overflow_minitemple, serial_shops,
          nicolae_shop_peninsula

Skill      XL: |  1  2  3  4  5  6  7 |
---------------+----------------------+-----
Axes           | 3 4 5 6 |  6.3
Fighting       | 4 |  4.9
Dodging        | 2 |  2.3
Armour         | 4 5 |  5.6
Shields        | 5 |  5.2
Stealth        | |  0.1

Action                     |  1- 3 |  4- 6 |  7- 9 || total
---------------------------+-------+-------+-------++-------
  Melee: War axe           |    77 |   108 |   126 ||   311
    Use: Potion            |       |     1 |     3 ||     4
         Scroll            |       |       |    17 ||    17
 Armour: Scale mail        |    46 |    36 |    50 ||   132
  Dodge: Dodged            |    49 |    61 |    61 ||   171
  Block: Buckler           |    36 |    44 |    32 ||   112
